 Dungeon Crawl Stone Soup version 0.30.0-19-g36f170ea60 (webtiles) character file.

Game seed: 1727858103399835741

20 xSliceyx the Magician (level 3, 19/25 HPs)
             Began as a Djinni Hedge Wizard on May 29, 2023.
             Quit the game on level 1 of the Dungeon.
             The game lasted 00:01:05 (529 turns).

xSliceyx the Magician (Djinni Hedge Wizard)          Turns: 529, Time: 00:01:06

Health: 19/25      AC:  2    Str:  9    XL:     3   Next: 0%
Gold:   0          EV: 12    Int: 17    God:
                   SH:  0    Dex: 12

rFire   + + .        e - +0 hand axe
rCold   x . .        (no shield)
rNeg    . . .        b - +0 robe
rPois   ∞            c - +0 hat
rElec   .            (no cloak)
rCorr   .            (no gloves)
SInv    .            (boots unavailable)
Will    .....        (no amulet)
Stlth   ++           (no ring)
HPRegen 0.24/turn    (no ring)
MPRegen 0.00/turn

%: no passive effects
@: flying
A: sickness immunity, fire resistance 2, cold vulnerability 1, float, innate
caster, HP casting, extra vitality 1
a: no special abilities


You were on level 1 of the Dungeon.
You visited 1 branch of the dungeon, and saw 1 of its levels.

Inventory:

Hand Weapons
 a - a +0 dagger
 e - a +0 hand axe (weapon)
Armour
 b - a +0 robe (worn)
 c - a +0 hat (worn)
Scrolls
 g - a scroll of identify {unknown}
Potions
 d - a potion of flight {unknown}
 f - a potion of mutation {unknown}


   Skills:
 - Level 2.1 Dodging
 - Level 1.5 Stealth
 + Level 3.1 Spellcasting


You knew the following spells:

 Your Spells              Type           Power      Damage    Failure   Level
a - Magic Dart            Conj           52%        1d5       4%          1
b - Slow                  Hex            52%        N/A       4%          1
c - Blink                 Tloc           26%        N/A       7%          2
d - Call Imp              Summ           26%        N/A       7%          2
e - Mephitic Cloud        Conj/Pois/Air  13%        N/A       14%         3
f - Beastly Appendage     Tmut           26%        N/A       4%          1
Your spell library was empty.

Dungeon Overview and Level Annotations

Branches:
Dungeon (1/15)

Altars:


Innate Abilities, Weirdness & Mutations

You are immune to sickness and miasma.
You are immune to poison.
Your flesh is very heat resistant. (rF++)
You are vulnerable to cold. (rC-)
You float through the air rather than walking.
You learn spells naturally, not from books.
Your magical power is your life essence.
You have superior vitality. (+4 MHP)


Message History

The magic dart hits the endoplasm.
The endoplasm is heavily wounded.
The magic dart hits the endoplasm.
The endoplasm is almost dead.
The magic dart hits the endoplasm but does no damage.
The endoplasm is almost dead.
The endoplasm jiggles.
The magic dart hits the endoplasm.
You kill the endoplasm!
A quokka comes into view.
The magic dart hits the quokka.
The quokka is almost dead.
A quokka is nearby!
The magic dart hits the quokka.
You kill the quokka!
You see here a quokka corpse.
f - a lumpy red potion A goblin comes into view.
It is wielding a +0 club.
Found a scroll labelled ZEGYPOJIRPHE.
The magic dart hits the goblin.
You kill the goblin!
g - a scroll labelled ZEGYPOJIRPHE A kobold comes into view.
It is wielding a +0 short sword.
The kobold shouts!
A kobold is nearby!
The magic dart hits the kobold.
The kobold is severely wounded.
The kobold hits you with a +0 short sword.
The magic dart hits the kobold.
You kill the kobold!
You have reached level 3!
Your experience leads to an increase in your attributes!
Increase (S)trength, (I)ntelligence, or (D)exterity?
You feel clever. x2
The power to cast Beastly Appendage wells up from within.
Spell assigned to 'f'.
Search for what [? for help]? yes Can't find anything matching that.
Unknown command.
Are you sure you want to abandon this character and quit the game? (Confirm with "yes".)

###### #....#
#....# #....#
#....# #....###
#....).# #...@#
##### #.)..# ####
..... #....## ..#
.....
#.....######.#
.....
#####.##..##.##
.....
#......#..##.....
#...♣P.†#...#
#...P...###.#
##.....## #.#


There were no monsters in sight!

Vanquished Creatures
  A ball python (D:1)
  A bat (D:1)
  3 endoplasms (D:1)
  A goblin (D:1)
  A jackal (D:1)
  5 quokkas (D:1)
  2 kobolds (D:1)
14 creatures vanquished.

Vanquished Creatures (collateral kills)
  A jackal (D:1)
1 creature vanquished.

Grand Total: 15 creatures vanquished

Notes
Turn   | Place    | Note
-------+----------+-------------------------------------------
     0 | D:1      | xSliceyx the Djinni Hedge Wizard began the quest for the
                  | Orb.
     0 | D:1      | xSliceyx set off with the following spells memorised: Magic
                  | Dart, Slow, Blink, Call Imp, Mephitic Cloud.
     0 | D:1      | Reached XP level 1. HP: 15/15 MP: 0/0
   291 | D:1      | Reached XP level 2. HP: 15/21 MP: 0/0
   380 | D:1      | Reached skill level 3 in Spellcasting
   529 | D:1      | Reached XP level 3. HP: 19/25 MP: 0/0
   529 | D:1      | Learned a level 1 spell: Beastly Appendage
   529 | D:1      | Quit the game

Illustrated notes

Levels and vault maps discovered:
D:1:      minmay_arrival_widening_spiral_narrow, layout_rooms,
          serial_park_tiny_1

Skill      XL: |  1  2 |
---------------+-------+-----
Spellcasting   | 3 |  3.1
Dodging        | |  2.1
Stealth        | |  1.5

Action                     || total
---------------------------++-------
  Melee: Hand axe          ||     1
   Cast: Magic Dart        ||    42
         Call Imp          ||     1
 Armour: Robe              ||     1
  Dodge: Dodged            ||     2
